 Dungeon Crawl Stone Soup version 0.22-a0-612-gd2f0174 (webtiles) character file.

347 Hebeh the Magician (level 6, -1/32 HPs)
             Began as a Deep Elf Fire Elementalist on July 11, 2018.
             Slain by an orc priest
             ... wielding a +0 mace
              (7 damage)
             ... on level 4 of the Dungeon.
             The game lasted 00:19:19 (3058 turns).

Hebeh the Magician (Deep Elf Fire Elementalist)     Turns: 3058, Time: 00:19:20

Health: -1/32      AC:  3    Str:  5    XL:     6   Next: 33%
Magic:  3/15       EV: 13    Int: 28    God:
Gold:   126        SH:  0    Dex: 15    Spells: 14/15 levels left

rFire    . . .     SeeInvis .   b - +0 hunting sling
rCold    . . .     Gourm    .   (no shield)
rNeg     . . .     Faith    .   r - +0 robe
rPois    .         Spirit   .   (no helmet)
rElec    .         Reflect  .   v - +0 cloak
rCorr    .         Harm     .   (no gloves)
MR       .....                  (no boots)
Stlth    ++........             (no amulet)
HPRegen  0.10/turn              f - +6 ring of intelligence
MPRegen  0.14/turn              (no ring)

@: no status effects
A: no striking features
a: no special abilities


You were on level 4 of the Dungeon.
You were not hungry.

You visited 1 branch of the dungeon, and saw 4 of its levels.

You collected 126 gold pieces.

Inventory:

Hand Weapons
 a - a +1 dagger of venom
 b - a +0 hunting sling (weapon)
 g - a +0 halberd
 j - a +0 short sword
Missiles
 m - 95 stones (quivered)
Armour
 r - a +0 robe (worn)
 v - a +0 cloak (worn)
Jewellery
 f - a +6 ring of intelligence (left hand)
Wands
 w - a wand of iceblast (6)
 x - a wand of flame (20)
 y - a wand of scattershot (3)
Scrolls
 d - a scroll of enchant armour {unknown}
 e - a scroll of fear {unknown}
 h - 5 scrolls of identify {unknown}
 i - 4 scrolls of remove curse {unknown}
 l - 2 scrolls of teleportation {unknown}
 n - a scroll of amnesia {unknown}
 p - a scroll of immolation {unknown}
 q - a scroll of enchant weapon {unknown}
Potions
 k - a potion of haste {unknown}
 o - a potion of brilliance {unknown}
 s - a potion of heal wounds {unknown}
 u - a potion of magic {unknown}
Comestibles
 c - 5 rations
 t - 5 chunks of flesh


   Skills:
 - Level 2.4 Dodging
 - Level 2.4 Stealth
 + Level 5.1 Spellcasting
 * Level 5.1 Conjurations
 + Level 4.8 Fire Magic


You had 14 spell levels left.
You knew the following spells:

 Your Spells              Type           Power        Failure   Level  Hunger
a - Flame Tongue          Conj/Fire      #####        1%          1    None

Your spell library contained the following spells:

 Spells                   Type           Power        Failure   Level  Hunger
 Fireball                 Conj/Fire      #####.....   24%         5    #####..
 Conjure Flame            Conj/Fire      #####...     2%          3    #......
 Throw Flame              Conj/Fire      #####.       1%          2    None
 Sticky Flame             Conj/Fire      #####...     9%          4    ###....
 Inner Flame              Hex/Fire       ###.....     8%          3    #......


Dungeon Overview and Level Annotations

Branches:
Dungeon (4/15)
 Temple: D:4-7

Altars:

Annotations:
D:3 2 transporters, iamserjio's ghost, amateur NaBe


Message History

Casting: Flame Tongue (safe; 1% risk of failure)
Confirm with . or Enter, or press ? or * to list all spells.
Aiming: Flame Tongue (safe; 1% risk of failure)
Press: ? - help, Shift-Dir - straight line, f/p - orc priest
Aim: an orc priest, wielding a mace (heavily wounded)
The flame tongue hits the orc priest.
The orc priest is severely wounded.
The orc priest hits you with a mace.
* * * LOW HITPOINT WARNING * * *
The orc hits you from afar with a trident.
* * * LOW HITPOINT WARNING * * *
Casting: Flame Tongue (safe; 1% risk of failure)
Confirm with . or Enter, or press ? or * to list all spells.
Aiming: Flame Tongue (safe; 1% risk of failure)
Press: ? - help, Shift-Dir - straight line, f/p - orc priest
Aim: an orc priest, wielding a mace (severely wounded)
The flame tongue hits the orc priest.
The orc priest is almost dead.
The orc priest hits you with a mace!
You die...

#.# #.# #.#
#.# #.# #.#
#.#
#(#(######.#
(..))oo@...#
(.(.########
.


You could see an orc priest and an orc.

Vanquished Creatures
  A water moccasin skeleton (D:4)
  Crazy Yiuf (D:3)
  Terence (D:3)
  3 orc wizards
  A worker ant (D:4)
  A gnoll (D:1)
  4 adders
  2 oozes
  2 worms (D:3)
  A dart slug (D:2)
  2 leopard geckos
  9 orcs
  3 ball pythons
  2 giant cockroaches
  5 goblins
  8 hobgoblins
  2 jackals (D:4)
  8 bats
  6 frilled lizards
  4 kobolds
  8 rats
74 creatures vanquished.

Notes
Turn   | Place    | Note
-------+----------+-------------------------------------------
     0 | D:1      | Hebeh the Deep Elf Fire Elementalist began the quest for the Orb.
     0 | D:1      | Reached XP level 1. HP: 10/10 MP: 6/6
   455 | D:1      | Reached XP level 2. HP: 15/15 MP: 5/8
   798 | D:1      | Reached XP level 3. HP: 19/19 MP: 7/10
  1524 | D:2      | Reached XP level 4. HP: 23/24 MP: 4/11
  1916 | D:3      | Noticed iamserjio's ghost (amateur NaBe)
  2086 | D:3      | Found a transporter.
  2101 | D:3      | Found a transporter.
  2236 | D:3      | Noticed Terence
  2241 | D:3      | Killed Terence
  2303 | D:3      | Reached XP level 5. HP: 28/28 MP: 7/13
  2825 | D:3      | Found a runed door.
  2852 | D:3      | Noticed Crazy Yiuf
  2855 | D:3      | Killed Crazy Yiuf
  3045 | D:4      | Reached skill level 5 in Spellcasting
  3045 | D:4      | Reached XP level 6. HP: 32/32 MP: 12/15
  3052 | D:4      | Reached skill level 5 in Conjurations
  3058 | D:4      | Slain by an orc priest

Vault maps used:
D:1:      shiori_arrival_elements
D:2:      kennysheep_big_flooded_room
D:3:      gammafunk_ghost_stat_death, uniq_crazy_yiuf_cottage, uniq_terence
D:4:      minmay_temple_entry_poolview

Skill      XL: |  1  2  3  4  5  6 |
---------------+-------------------+-----
Conjurations   | 2 3 4 5 |  5.1
Spellcasting   | 4 5 |  5.1
Fire Magic     | 4 |  4.8
Dodging        | |  2.4
Stealth        | |  2.4

Action                   |  1- 3 |  4- 6 || total
-------------------------+-------+-------++-------
Melee: Halberd           |     2 |       ||     2
 Fire: Hunting sling     |       |     9 ||     9
Throw: Stone             |     4 |    12 ||    16
 Cast: Flame Tongue      |    58 |    81 ||   139
 Stab: Sleeping          |     1 |       ||     1
  Eat: Chunk             |     2 |     4 ||     6
Armor: Robe              |     2 |     3 ||     5
Dodge: Dodged            |    11 |    21 ||    32

Table legend:
 A = Spawn XP
 B = Non-spawn XP
 C = Spawn XP percentage of total XP
 D = Spawn monster count
 E = Non-spawn monster count
 F = Spawn count percentage of total count
 G = Total turns spent on level
                    A         B        C        D         E        F      G
               +---------+---------+-------+---------+---------+-------+---------
         Total |       0 |     497 |   0.0 |       0 |      74 |   0.0 |  3058
               +---------+---------+-------+---------+---------+-------+---------
           D:1 |       0 |      56 |   0.0 |       0 |      27 |   0.0 |  1235
           D:2 |       0 |      65 |   0.0 |       0 |      14 |   0.0 |   630
           D:3 |       0 |     176 |   0.0 |       0 |      24 |   0.0 |  1017
           D:4 |       0 |     200 |   0.0 |       0 |       9 |   0.0 |   176
               +---------+---------+-------+---------+---------+-------+---------
